 Dungeon Crawl Stone Soup version 0.30.0-29-ga12c61a403 (webtiles) character file.

Game seed: 13613524300968860316

485 seaoflcl the Covered (level 6, 0/53 HPs)
             Began as a Minotaur Fighter on June 6, 2023.
             Slain by Pikel
             ... wielding a +0 whip of flaming
              (12 damage)
             ... on level 4 of the Dungeon.
             The game lasted 00:06:20 (2765 turns).

seaoflcl the Covered (Minotaur Fighter)             Turns: 2765, Time: 00:06:21

Health: 0/53       AC: 12    Str: 23    XL:     6   Next: 88%
Magic:  5/5        EV:  5    Int:  5    God:
Gold:   185        SH:  8    Dex:  9    Spells: 5/5 levels left

rFire   . . .        y - +7 club
rCold   . . .        u - +0 kite shield
rNeg    . . .        s - +0 plate armour
rPois   .            (helmet restricted)
rElec   .            (no cloak)
rCorr   .            (no gloves)
SInv    .            (no boots)
Will    .....        (no amulet) Stlth
                     (no ring)
HPRegen 0.28/turn    (no ring)
MPRegen 0.09/turn

%: no passive effects
@: no status effects
A: horns 2, retaliatory headbutt
a: no special abilities


You were on level 4 of the Dungeon.
You visited 1 branch of the dungeon, and saw 4 of its levels.

You collected 185 gold pieces.

Inventory:

Hand Weapons
 a - a +0 war axe
 c - a +0 falchion of holy wrath
 f - a +0 sling
 v - a +3 hand axe
 y - a +7 club (weapon)
Missiles
 d - 6 poisoned darts
 e - 4 curare-tipped darts (quivered)
Armour
 s - a +0 plate armour (worn)
 u - a +0 kite shield (worn)
Scrolls
 b - a scroll of torment {unknown}
 h - 2 scrolls of enchant armour {unknown}
 i - a scroll of blinking {unknown}
 j - a scroll of poison {unknown}
 k - 2 scrolls of teleportation {unknown}
 l - 2 scrolls of amnesia {unknown}
 m - a scroll of identify {unknown}
 q - a scroll of vulnerability {unknown}
 x - a scroll of brand weapon {unknown}
Potions
 g - a potion of magic {unknown}
 n - 2 potions of attraction {unknown}
 o - a potion of curing
 p - a potion of lignification {unknown}
 r - a potion of haste {unknown}
 t - a potion of invisibility {unknown}


   Skills:
 + Level 4.7 Fighting
 - Level 4.0(4.5) Axes
 * Level 3.0(4.0) Maces & Flails
 + Level 2.5 Ranged Weapons
 + Level 2.4 Throwing
 + Level 5.0 Armour
 + Level 4.9 Shields


You had 5 spell levels left.
You didn't know any spells.
Your spell library contained the following spells:

 Spells                   Type           Power      Damage    Failure   Level
 Slow                     Hex            0%         N/A       100%        1
 Lesser Beckoning         Tloc           0%         N/A       100%        2
 Confusing Touch          Hex            0%         N/A       100%        3
 Gell's Gravitas          Tloc           0%         N/A       100%        3
 Teleport Other           Tloc           0%         N/A       100%        3
 Vampiric Draining        Necr           0%         2d6       100%        3
 Iskenderun's Battlesphe  Conj           0%         2d6       100%        5
 Iron Shot                Conj/Erth      0%         9d1       100%        6
 Spellforged Servitor     Conj/Summ      0%         N/A       100%        7


Dungeon Overview and Level Annotations

Branches:
Dungeon (4/15)
 Temple: D:4-7

Altars:

Shops:
D:1 [   D:4 (

Annotations:
D:4 Pikel


Innate Abilities, Weirdness & Mutations

You have a pair of horns on your head.
You reflexively headbutt those who attack you in melee.


Message History

Pikel, Merchant of Souls comes into view.
He is wielding a +0 whip of flaming.
You block the cerulean imp's attack. Natasha claws you but does no damage.
Pikel shouts!
You hit Natasha.
Natasha is almost dead.
The cerulean imp hits you but does no damage.
Natasha drinks a potion.
Natasha is healed!
The cerulean imp hits you but does no damage.
You sock Natasha!
Natasha is severely wounded.
Natasha claws you.
The cerulean imp hits you from afar with a +0 spear.
* * * LOW HITPOINT WARNING * * *
You hit Natasha.
You kill Natasha!
Natasha growls in agony!
The cerulean imp disappears in a puff of smoke!
A lemure comes into view.
You miss something.
The lemure shouts!
Something hits you but does no damage.
You hit something. You headbutt something.
You hear some strange, mumbled words.
Something tries to affect you, but you resist.
Something hits you but does no damage. The orc wizard casts a spell at you.
You closely miss something. Something hits you.
* * * LOW HITPOINT WARNING * * *
You hit something but do no damage. Your headbutt misses something.
Pikel drinks a potion.
Pikel seems to grow stronger.
Something hits you.
* * * LOW HITPOINT WARNING * * *
You thump something!
Reactivating autopickup.
You feel a bit more experienced.
Your base Maces & Flails skill increases to level 3!
Your Armour skill increases to level 5!
You barely miss Pikel. You headbutt Pikel!
Pikel is moderately wounded.
Pikel hits you with a +0 whip of flaming!
You die...

#.###########.########
#.............#########
#############.).......# #
#.#######.# ##########
#.#.#####.# ##.......#
#####.#.....#.# ##.......# #..
..#.###.#.# .#.......# #.# ###.#
#.#.# .........# #@# #.###.#.#
#........#######K#####...#.#.####
##.†..........?5oo...............
#†......#######.######....######
#.......# #.######..#.# #.......#
#.#.......#.# ##.......#
#.#.###.###.# .........#
#.#.#.....#.# ..########
#.#.#..##.#.#


You could see Pikel (strong), a lemure, an orc wizard and an orc.

Vanquished Creatures
  Menkaure (D:4)
  A jelly (D:4)
  2 hounds (D:4)
  Jessica (D:2)
  Natasha (twice) (D:4)
  An orc wizard (D:4)
  Robin (D:3)
  4 gnolls
  3 adders
  2 worms (D:2)
  2 dart slugs
  10 orcs
  7 ball pythons
  4 endoplasms
  3 giant cockroaches
  12 goblins
  6 hobgoblins
  6 jackals (D:3)
  5 kobolds
  A quokka (D:3)
  3 bats
  4 frilled lizards
  6 rats
87 creatures vanquished.

Notes
Turn   | Place    | Note
-------+----------+-------------------------------------------
     0 | D:1      | seaoflcl the Minotaur Fighter began the quest for the Orb.
     0 | D:1      | Reached XP level 1. HP: 19/19 MP: 0/0
   252 | D:1      | Reached XP level 2. HP: 27/27 MP: 1/1
   334 | D:1      | Found Emaysch's Antique Armour Boutique.
   871 | D:1      | Reached XP level 3. HP: 33/33 MP: 2/2
  1049 | D:2      | Reached skill level 4 in Armour
  1276 | D:2      | Noticed Jessica
  1282 | D:2      | Killed Jessica
  1283 | D:2      | Reached skill level 1 in Ranged Weapons
  1283 | D:2      | Reached skill level 1 in Throwing
  1283 | D:2      | Reached XP level 4. HP: 30/40 MP: 3/3
  1701 | D:3      | Noticed Robin
  1710 | D:3      | Killed Robin
  1711 | D:3      | Reached XP level 5. HP: 40/46 MP: 4/4
  2487 | D:4      | Noticed Menkaure
  2497 | D:4      | Killed Menkaure
  2498 | D:4      | Reached XP level 6. HP: 31/53 MP: 5/5
  2502 | D:4      | Found Comukhue's Antique Weapon Boutique.
  2639 | D:4      | Noticed Natasha
  2659 | D:4      | HP: 2/53 [cerulean imp/+1 spear[Natasha] (4)]
  2664 | D:4      | Killed Natasha
  2745 | D:4      | Noticed Natasha
  2756 | D:4      | Noticed Pikel
  2759 | D:4      | Killed Natasha
  2765 | D:4      | Reached skill level 5 in Armour
  2765 | D:4      | Slain by Pikel

Illustrated notes

Levels and vault maps discovered:
D:1:      onia_arrival_handbag, layout_basic, serial_shops, shop_fountains,
          hangedman_decor_diamond_cutter, chequers_arboretum,
          minmay_misc_feat_four_crosses, amethyst_killhole
D:2:      layout_rooms, uniq_jessica
D:3:      layout_basic, minmay_statues_item, serial_bayou_crossing, uniq_robin
D:4:      layout_basic, chequers_ossuary_entry_cave, serial_shops,
          nicolae_shop_overgrown_old_shop, uniq_menkaure, uniq_pikel,
          uniq_grinder, uniq_natasha

Skill      XL: |  1  2  3  4  5  6 |
---------------+-------------------+-----
Axes           | 3 4 |  4.0
Armour         | 4 5 |  5.0
Shields        | 4 |  4.9
Fighting       | 4 |  4.7
Ranged Weapons | 1 2 |  2.5
Throwing       | 1 2 |  2.4
Maces & Flails | 2 3 |  3.0

Action                     |  1- 3 |  4- 6 || total
---------------------------+-------+-------++-------
  Melee: War axe           |    60 |    60 ||   120
         Headbutt          |    10 |    22 ||    32
         Club              |       |    80 ||    80
    Use: Potion            |       |     4 ||     4
 Armour: Scale mail        |    18 |       ||    18
         Plate armour      |     8 |   101 ||   109
  Dodge: Dodged            |    28 |    43 ||    71
  Block: Buckler           |    11 |    13 ||    24
         Kite shield       |       |    52 ||    52
